 Dungeon Crawl Stone Soup version 0.28-a0-563-gf77a47075d (webtiles) character file.

Game seed: 7301861138918476579

46 iamoutofideas the Chopper (level 3, 0/30 HPs)
             Began as a Hill Orc Gladiator on Oct 1, 2021.
             Succumbed to an adder's poison
             ... on level 3 of the Dungeon.
             The game lasted 00:01:24 (1718 turns).

iamoutofideas the Chopper (Hill Orc Gladiator)      Turns: 1718, Time: 00:01:24

Health: 0/30       AC:  4    Str: 19    XL:     3   Next: 68%
Magic:  3/3        EV: 12    Int:  8    God:
Gold:   57         SH:  0    Dex: 12    Spells: 2/2 levels left

rFire   . . .      SeeInvis .   a - +0 war axe
rCold   . . .      Faith    .   (no shield)
rNeg    . . .      Spirit   .   b - +0 leather armour
rPois   .          Reflect  .   c - +0 helmet
rElec   .          Harm     .   (no cloak)
rCorr   .          Rampage  .   (no gloves)
Will    .....                   (no boots)
Stlth   +.........              (no amulet)
HPRegen 0.10/turn               (no ring)
MPRegen 0.08/turn               (no ring)

@: lethally poisoned (0 -> -3)
A: claws 1, passive freeze, strong 1
a: no special abilities


You were on level 3 of the Dungeon.
You visited 1 branch of the dungeon, and saw 3 of its levels.

You collected 57 gold pieces.

Inventory:

Hand Weapons
 a - a +0 war axe (weapon)
Missiles
 d - 3 throwing nets (quivered)
Armour
 b - a +0 leather armour (worn)
 c - a +0 helmet (worn)
Scrolls
 e - a scroll of amnesia {unknown}
 f - 2 scrolls of noise {unknown}
 i - a scroll of identify {unknown}
 j - a scroll of holy word {unknown}
 k - a scroll of fog {unknown}
 m - a scroll of blinking {unknown}
 n - a scroll of enchant weapon {unknown}
Potions
 l - a potion of attraction {unknown}


   Skills:
 - Level 2.6 Fighting
 + Level 5.1 Axes
 - Level 1.7 Throwing
 + Level 1.6 Armour
 - Level 2.6 Dodging


You had 2 spell levels left.
You didn't know any spells.
Your spell library was empty.

Dungeon Overview and Level Annotations

Branches:
Dungeon (3/15)

Altars:


Innate Abilities, Weirdness & Mutations

You have sharp fingernails.
A frigid envelope surrounds you and freezes all who hurt you.
Your muscles are strong. (Str +2)


Message History

You closely miss the orc. You closely miss the goblin.
The orc hits you with a +0 dagger. The goblin misses you.
You hit the orc but do no damage. You closely miss the goblin.
The orc closely misses you. The goblin hits you with a +0 club.
The orc hits you but does no damage.
You closely miss the orc. You slash the goblin!
You kill the goblin!
The orc hits you with a +0 dagger.
The giant cockroach completely misses you.
You are too injured to fight recklessly!
You closely miss the orc. You hit the giant cockroach.
The giant cockroach barely misses you. The orc hits you but does no damage.
You are too injured to fight recklessly!
The giant cockroach barely misses you.
You hit the giant cockroach.
You kill the giant cockroach!
You barely miss the orc. The orc hits you with a +0 dagger.
The adder bites you but does no damage.
You are too injured to fight recklessly!
You closely miss the adder. You closely miss the orc.
The orc barely misses you. The adder bites you.
You are poisoned.
The adder poisons you! The orc barely misses you.
You are too injured to fight recklessly!
You are too injured to fight recklessly!
You are too injured to fight recklessly!
You barely miss the orc. You closely miss the adder.
You feel sick. The adder bites you.
* * * LOW HITPOINT WARNING * * *
The adder bites you but does no damage. The orc hits you with a +0 dagger.
* * * LOW HITPOINT WARNING * * *
Unknown command.
It was a potion of cancellation.
You feel magically purged.
* * * LOW HITPOINT WARNING * * *
You feel sick. The adder bites you.
* * * LOW HITPOINT WARNING * * *
The orc hits you but does no damage.
It was a potion of mutation.
You feel extremely strange.
Your fingernails lengthen.
Your skin feels very cold.
You feel stronger.
You die...

#+# .# #...# .###
.....## ....
....... #..#
.......####...#.##
.#####....<.......
##...##..##...#.##
#.#.#.#o## #.##
..#)#KS@# ##
#.#.#.#.#
##...##.#
.#####..# .....
..# ##.# ...# ...
...# .. .....


You could see an adder, an orc and a kobold.

Vanquished Creatures
  A worm (D:2)
  A dart slug (D:2)
  2 endoplasms (D:2)
  3 giant cockroaches
  5 goblins
  4 hobgoblins
  4 jackals (D:1)
  2 kobolds (D:2)
  2 quokkas (D:1)
  5 ball pythons
  A bat (D:1)
  3 frilled lizards
  2 rats (D:1)
35 creatures vanquished.

Notes
Turn   | Place    | Note
-------+----------+-------------------------------------------
     0 | D:1      | iamoutofideas the Hill Orc Gladiator began the quest for
                  | the Orb.
     0 | D:1      | Reached XP level 1. HP: 18/18 MP: 1/1
     8 | D:1      | Noticed a vampire
     9 | D:1      | Noticed an ogre
    15 | D:1      | Noticed a merfolk
   309 | D:1      | Reached XP level 2. HP: 25/25 MP: 2/2
  1002 | D:2      | Reached XP level 3. HP: 30/30 MP: 3/3
  1039 | D:2      | Reached skill level 1 in Armour
  1176 | D:2      | Reached skill level 5 in Axes
  1405 | D:2      | Found a faded altar of an unknown god.
  1717 | D:3      | HP: 1/30 [adder (2)]
  1718 | D:3      | Gained mutation: You have sharp fingernails. [potion of
                  | mutation]
  1718 | D:3      | Gained mutation: A frigid envelope surrounds you and
                  | freezes all who hurt you. [potion of mutation]
  1718 | D:3      | Gained mutation: Your muscles are strong. (Str +2) [potion
                  | of mutation]
  1718 | D:3      | Succumbed to an adder's poison

Illustrated notes

Levels and vault maps discovered:
D:1:      shiori_arrival_whats_in_store_for_you, layout_basic
D:2:      layout_loops_ring, shapermc_ecumenical_altar_venn, minivault_11
D:3:      layout_loops_corners, lemuel_coloured_pillars_altar,
          overflow_temple_1_default, mainiacjoe_overflow_concentric_impassable,
          minmay_checkerbox

Skill      XL: |  1  2  3 |
---------------+----------+-----
Armour         | 1 |  1.6
Axes           | 5 |  5.1
Fighting       | |  2.6
Throwing       | |  1.7
Dodging        | |  2.6

Action                   || total
-------------------------++-------
Melee: War axe           ||    84
  Use: Potion            ||     2
 Stab: Sleeping          ||     1
Armor: Leather armour    ||    34
Dodge: Dodged            ||    77

Table legend: (Time is in decaauts)
 A = Elapsed time spent in this place.
 B = Non-inter-level travel time spent in this place.
 C = Inter-level travel time spent in this place.
 D = Time resting spent in this place.
 E = Time spent auto-exploring this place.
 F = Levels seen in this place.
 G = Mean time per level.
                   A        B        C        D        E       F      G
               +--------+--------+--------+--------+--------+-----+--------+
         Total |   1740 |   1698 |     42 |    200 |   1265 |   3 |  580.0 |
       Dungeon |   1740 |   1698 |     42 |    200 |   1265 |   3 |  580.0 |
               +--------+--------+--------+--------+--------+-----+--------+

Top non-repeatable levels by time:
     D:1: 934 daAuts
     D:2: 784 daAuts
     D:3: 22 daAuts
